 Dungeon Crawl Stone Soup version 0.21-a0-538-gd16b88a (webtiles) character file.

75 tidbits the Insei (level 4, 0/34 HPs)
             Began as a Gnoll Transmuter on Dec 16, 2017.
             Killed from afar by an orc wizard (9 damage)
             ... with a magic dart
             ... on level 3 of the Dungeon.
             The game lasted 00:04:07 (574 turns).

tidbits the Insei (Gnoll Transmuter)                 Turns: 574, Time: 00:04:08

Health: 0/34       AC:  2    Str: 12    XL:     4   Next: 31%
Magic:  6/11       EV: 23    Int: 17    God:
Gold:   92         SH:  0    Dex: 20    Spells: 7/13 levels left

rFire    . . .     SeeInvis .     - Unarmed
rCold    . . .     Gourm    .   (shield currently unavailable)
rNeg     . . .     Faith    .   (armour currently unavailable)
rPois    x         Spirit   .   (helmet currently unavailable)
rElec    .         Reflect  .   (cloak currently unavailable)
rCorr    .         Harm     .   (gloves currently unavailable)
MR       .....                  (boots currently unavailable)
Stlth    ++........             (no amulet)
HPRegen  0.11/turn              (no ring)
MPRegen  0.12/turn              (no ring)

@: spider-form
A: tiny, distributed training, strong nose
a: End Transformation


You were on level 3 of the Dungeon.
You were not hungry.
You were a venomous arachnid creature.
You visited 1 branch of the dungeon, and saw 3 of its levels.

You collected 92 gold pieces.

Inventory:

Hand Weapons
 a - a +1 spear of venom (melded)
   (You found it on level 2 of the Dungeon)
 f - a +0 dagger
Missiles
 k - 12 arrows
Armour
 b - a +0 robe (melded)
 h - a +0 ring mail
Scrolls
 g - 2 scrolls of enchant weapon {unknown}
 j - a scroll of remove curse {unknown}
 m - a scroll of random uselessness {unknown}
 n - a scroll of noise {unknown}
Potions
 e - 2 potions of curing
 i - a potion of mutation {unknown}
 l - a potion of brilliance {unknown}
 o - a potion of haste {unknown}
Books
 c - a book of Changes

   Spells                             Type                      Level
   a - Beastly Appendage              Transmutation                1
   b - Sticks to Snakes               Transmutation                2
   c - Spider Form                    Transmutation/Poison         3
   d - Ice Form                       Ice/Transmutation            4
   e - Blade Hands                    Transmutation                5
Comestibles
 d - 4 bread rations


   Skills:
 + Level 2.7 Fighting
 + Level 1.1 Short Blades
 + Level 1.1 Long Blades
 + Level 1.1 Axes
 + Level 1.1 Maces & Flails
 + Level 1.1 Polearms
 + Level 1.1 Staves
 + Level 1.1 Slings
 + Level 1.1 Bows
 + Level 1.1 Crossbows
 + Level 1.1 Throwing
 + Level 1.1 Armour
 + Level 4.6 Dodging
 + Level 1.1 Stealth
 + Level 1.1 Shields
 + Level 6.6 Unarmed Combat
 + Level 5.0 Spellcasting
 + Level 0.8 Conjurations
 + Level 0.8 Hexes
 + Level 0.8 Charms
 + Level 0.8 Summonings
 + Level 0.8 Necromancy
 + Level 0.8 Translocations
 + Level 3.8 Transmutations
 + Level 0.8 Fire Magic
 + Level 0.8 Ice Magic
 + Level 0.8 Air Magic
 + Level 0.8 Earth Magic
 + Level 0.8 Poison Magic
 + Level 1.2 Invocations
 + Level 1.1 Evocations


You had 7 spell levels left.
You knew the following spells:

 Your Spells              Type           Power        Failure   Level  Hunger
e - Beastly Appendage     Tmut           ###...       11%         1    None
k - Sticks to Snakes      Tmut           ###.....     13%         2    #......
p - Spider Form           Tmut/Pois      ##........   34%         3    ###....


Dungeon Overview and Level Annotations

Branches:
Dungeon (3/15)

Altars:
Dithmenos
Uskayaw
The Shining One


Innate Abilities, Weirdness & Mutations

Your experience applies equally to all skills.
((You have very sharp teeth.))
Your uncanny sense of smell can sniff out nearby items.


Message History

You reach to attack!
The helpless quokka fails to defend itself.
You hit the quokka.
The quokka is poisoned.
The quokka is moderately wounded.
You hit the quokka.
You kill the quokka!
Your Invocations skill increases to level 1!
Attack whom?
Press: ? - help, Dir - move target cursor, f - leopard gecko
Aim: a leopard gecko (clinging, resting)
You reach to attack!
The helpless leopard gecko fails to defend itself.
You hit the leopard gecko.
You kill the leopard gecko!
Your transformation is almost over.
An orc priest comes into view. It is wielding a whip of electrocution.
Casting: Beastly Appendage
Confirm with . or Enter, or press ? or * to list all spells.
You don't know that spell.
Memorise Spider Form, consuming 3 spell levels and leaving 6?
You start memorising the spell.
You continue memorising. x3
You finish memorising.
Spell assigned to 'p'.
Casting: Beastly Appendage
Confirm with . or Enter, or press ? or * to list all spells.
Your talons disappear.
You turn into a venomous arachnid creature.
Your +1 spear of venom melds into your body.
Your +0 robe melds into your body.
Your +1 spear of venom stops dripping with poison. 2 orcs come into view.
An orc wizard comes into view. It is wielding a dagger.
An orc comes into view.
The orc shouts!
The orc wizard shouts!
The orc priest calls down the wrath of Beogh upon you.
Beogh smites you!
The orc priest calls down the wrath of Beogh upon you.
You barely resist.
You hit the orc priest but do no damage.
The orc priest is poisoned.
The orc completely misses you.
The orc priest invokes the aid of Beogh against you.
Beogh smites you!
Ouch! That really hurt!
* * * LOW HITPOINT WARNING * * *
The orc wizard gestures wildly while chanting.
The orc wizard blinks!
You hit the orc priest but do no damage.
The orc priest misses you.
You barely miss the orc priest. The orc priest misses you.
You hit the orc priest.
The orc priest looks as sick as possible!
The orc priest is heavily wounded.
Your transformation is almost over.
You kill the orc priest!
Your Short Blades skill increases to level 1!
Your Long Blades skill increases to level 1!
Your Axes skill increases to level 1!
Your Maces & Flails skill increases to level 1!
Your Polearms skill increases to level 1!
Your Staves skill increases to level 1!
Your Slings skill increases to level 1!
Your Bows skill increases to level 1!
Your Crossbows skill increases to level 1!
Your Throwing skill increases to level 1!
Your Armour skill increases to level 1!
Your Stealth skill increases to level 1!
Your Shields skill increases to level 1!
Your Evocations skill increases to level 1!
You have reached level 4!
You feel clever.
You hit the orc.
The orc is poisoned.
The orc is severely wounded.
You hear the slow rusting of a very distant drain.
The orc hits you with a club.
* * * LOW HITPOINT WARNING * * *
You hit the orc.
The orc is almost dead.
It was a potion of curing.
You feel better.
The orc wizard casts a spell.
The orc wizard seems to speed up.
You hit the orc.
You kill the orc!
You hit the orc.
The orc is poisoned.
The orc is severely wounded.
You hit the orc.
You kill the orc!
Your transformation has ended.
Your +1 spear of venom unmelds from your body.
Your +0 robe unmelds from your body.
Your +1 spear of venom begins to drip with poison!
Okay, then.
Unknown command.
Casting: Spider Form
Confirm with . or Enter, or press ? or * to list all spells.
You turn into a venomous arachnid creature.
Your +1 spear of venom melds into your body.
Your +0 robe melds into your body.
Your +1 spear of venom stops dripping with poison.
The orc wizard completely misses you. The orc completely misses you.
The orc wizard casts a spell at you. The magic dart hits you!
You die...

... ... #.# #.# ##+#
#####o#### ##...##
#........# ##.....##
#.###o# ##.......##
#.o##)#
#.........####..s#.##.#
+.........'.....)o)...#
#.........####....#.#.#
#.......## #..#.#.# #
##.....## #.##...#
##...## #........#
##'## ####..##.# #.#
#... # ###.###### ##.##


You could see an orc wizard and an orc.

Vanquished Creatures
  An orc priest (D:3)
  2 dart slugs
  3 leopard geckos
  6 orcs
  4 bats
  A giant cockroach (D:2)
  5 goblins
  A hobgoblin (D:2)
  A kobold (D:2)
  2 quokkas
  2 frilled lizards
  5 rats
33 creatures vanquished.

Notes
Turn   | Place    | Note
-------+----------+-------------------------------------------
     0 | D:1      | tidbits the Gnoll Transmuter began the quest for the Orb.
     0 | D:1      | Reached XP level 1. HP: 17/17 MP: 6/6
   123 | D:1      | Reached XP level 2. HP: 20/23 MP: 5/7
   286 | D:2      | Found a glowing golden altar of the Shining One.
   325 | D:2      | Reached XP level 3. HP: 23/28 MP: 9/9
   330 | D:2      | Reached skill level 5 in Spellcasting
   345 | D:2      | Learned a level 2 spell: Sticks to Snakes
   380 | D:2      | Found a shadowy altar of Dithmenos.
   381 | D:2      | Found a hide-covered altar of Uskayaw.
   544 | D:3      | Reached skill level 1 in Invocations
   555 | D:3      | Learned a level 3 spell: Spider Form
   566 | D:3      | Reached skill level 1 in Short Blades
   566 | D:3      | Reached skill level 1 in Long Blades
   566 | D:3      | Reached skill level 1 in Axes
   566 | D:3      | Reached skill level 1 in Maces & Flails
   566 | D:3      | Reached skill level 1 in Polearms
   566 | D:3      | Reached skill level 1 in Staves
   566 | D:3      | Reached skill level 1 in Slings
   566 | D:3      | Reached skill level 1 in Bows
   566 | D:3      | Reached skill level 1 in Crossbows
   566 | D:3      | Reached skill level 1 in Throwing
   566 | D:3      | Reached skill level 1 in Armour
   566 | D:3      | Reached skill level 1 in Stealth
   566 | D:3      | Reached skill level 1 in Shields
   566 | D:3      | Reached skill level 1 in Evocations
   566 | D:3      | Reached XP level 4. HP: 5/34 MP: 8/11
   567 | D:3      | HP: 2/34 [orc/club (3)]
   574 | D:3      | Killed from afar by an orc wizard

Vault maps used:
D:1:      mainiacjoe_arrival_reflecting_pool
D:2:      tso_oasis_becter, nicolae_overflow_hidden_temple, first_bread
D:3:      portal_sewer_entry_e, uniq_crazy_yiuf_cottage

Skill      XL: |  1  2  3 |
---------------+----------+-----
Spellcasting   | 5 |  5.0
Invocations    | 1 |  1.2
Short Blades   | 1 |  1.1
Long Blades    | 1 |  1.1
Axes           | 1 |  1.1
Maces & Flails | 1 |  1.1
Polearms       | 1 |  1.1
Staves         | 1 |  1.1
Slings         | 1 |  1.1
Bows           | 1 |  1.1
Crossbows      | 1 |  1.1
Throwing       | 1 |  1.1
Armour         | 1 |  1.1
Stealth        | 1 |  1.1
Shields        | 1 |  1.1
Evocations     | 1 |  1.1
Fighting       | |  2.7
Dodging        | |  4.6
Unarmed Combat | |  6.6
Conjurations   | |  0.8
Hexes          | |  0.8
Charms         | |  0.8
Summonings     | |  0.8
Necromancy     | |  0.8
Translocations | |  0.8
Transmutations | |  3.8
Fire Magic     | |  0.8
Ice Magic      | |  0.8
Air Magic      | |  0.8
Earth Magic    | |  0.8
Poison Magic   | |  0.8

Action                   |  1- 3 |  4- 6 || total
-------------------------+-------+-------++-------
Melee: Unarmed           |    42 |     5 ||    47
       Headbutt          |     5 |       ||     5
       Spear             |    22 |       ||    22
       Bite              |     3 |       ||     3
       Kick              |     2 |       ||     2
 Cast: Beastly Appendage |    10 |       ||    10
       Spider Form       |     1 |     1 ||     2
  Use: Potion            |       |     1 ||     1
 Stab: Sleeping          |     4 |       ||     4
Armor: Robe              |     4 |       ||     4
Dodge: Dodged            |    28 |     2 ||    30

Table legend:
 A = Spawn XP
 B = Non-spawn XP
 C = Spawn XP percentage of total XP
 D = Spawn monster count
 E = Non-spawn monster count
 F = Spawn count percentage of total count
 G = Total turns spent on level
                    A         B        C        D         E        F      G
               +---------+---------+-------+---------+---------+-------+---------
         Total |       0 |     108 |   0.0 |       0 |      33 |   0.0 |   574
               +---------+---------+-------+---------+---------+-------+---------
           D:1 |       0 |      23 |   0.0 |       0 |      13 |   0.0 |   247
           D:2 |       0 |      30 |   0.0 |       0 |      13 |   0.0 |   270
           D:3 |       0 |      55 |   0.0 |       0 |       7 |   0.0 |    57
               +---------+---------+-------+---------+---------+-------+---------

Table legend:
 A = Turns spent in this place as a percentage of turns spent in the entire game.
 B = Non-inter-level travel turns spent in this place as a percentage of non-inter-level travel turns spent in the entire game.
 C = Inter-level travel turns spent in this place as a percentage of turns spent in this place.
 D = Turns resting spent in this place as a percentage of non-inter-level travel turns spent in this place.
 E = Turns spent auto-exploring this place as a percentage of non-inter-level travel turns spent in this place.
 F = Non-inter-level travel turns spent in this place divided by the number of levels of this place that you've seen.
                   A       B       C       D       E      F
               +-------+-------+-------+-------+-------+----------------------
         Total | 100.0 | 100.0 |   0.0 |   0.0 |   0.0 | 191.3
       Dungeon | 100.0 | 100.0 |   0.0 |   0.0 |   0.0 | 191.3
               +-------+-------+-------+-------+-------+----------------------

Table legend:
 A = Kills in this place as a percentage of kills in entire the game.
 B = Kills by you in this place as a percentage of kills by you in the entire game.
 C = Kills by friends in this place as a percentage of kills by friends in the entire game.
 D = Other kills in this place as a percentage of other kills in the entire game.
 E = Experience gained in this place as a percentage of experience gained in the entire game.
 F = Experience gained in this place divided by the number of levels of this place that you have seen.
                   A       B       C       D       E      F
               +-------+-------+-------+-------+-------+----------------------
         Total | 100.0 | 100.0 |   N/A |   N/A | 100.0 |  36.0
       Dungeon | 100.0 | 100.0 |   N/A |   N/A | 100.0 |  36.0
               +-------+-------+-------+-------+-------+----------------------

Vault maps used:
D:1:      mainiacjoe_arrival_reflecting_pool
D:2:      tso_oasis_becter, nicolae_overflow_hidden_temple, first_bread
D:3:      portal_sewer_entry_e, uniq_crazy_yiuf_cottage
